 Dungeon Crawl Stone Soup version 0.23-a0-655-g3751e1c (webtiles) character file.

97 Firecrotchwizard the Skirmisher (level 4, -3/41 HPs)
             Began as a Hill Orc Abyssal Knight on Jan 8, 2019.
             Was a Follower of Lugonu.
             Slain by a gnoll
             ... wielding a +0 spear
              (6 damage)
             ... on level 2 of the Dungeon.
             The game lasted 00:03:48 (1990 turns).

Firecrotchwizard the Skirmisher (HOAK)              Turns: 1990, Time: 00:03:49

Health: -3/41      AC:  5    Str: 15    XL:     4   Next: 68%
Magic:  15/15      EV: 10    Int: 12    God:    Lugonu [*.....]
Gold:   89         SH:  0    Dex: 10    Spells: 3/3 levels left

rFire    + . .     SeeInvis .   a - +1 hand axe
rCold    + . .     Gourm    .   (no shield)
rNeg     . . .     Faith    .   j - +0 ring mail
rPois    .         Spirit   .   (no helmet)
rElec    .         Reflect  .   f - scarf {rC+ rF+}
rCorr    .         Harm     .   (no gloves)
MR       .....                  (no boots)
Stlth    ..........             (no amulet)
HPRegen  0.13/turn              e - ring of magical power {MP+9}
MPRegen  0.14/turn              (no ring)

@: lethally poisoned (-3 -> -6)
A: no striking features
a: Depart the Abyss, Renounce Religion


You were on level 2 of the Dungeon.
You worshipped Lugonu.
Lugonu was aware of your devotion.
You were not hungry.

You visited 1 branch of the dungeon, and saw 2 of its levels.
You visited the Abyss 1 time.

You collected 89 gold pieces.

Inventory:

Hand Weapons
 a - a +1 hand axe (weapon)
Armour
 b - a +0 leather armour
 f - a scarf of resistance (worn)
   (You found it on level 1 of the Dungeon)
 j - a +0 ring mail (worn)
   (You found it on level 1 of the Dungeon)
Jewellery
 e - a ring of magical power (left hand) {MP+9}
   (You found it on level 1 of the Dungeon)
Scrolls
 d - a scroll of noise {unknown}
 g - 4 scrolls of identify {unknown}
 h - a scroll of remove curse {unknown}
 k - a scroll of teleportation {unknown}
 l - 3 scrolls of enchant armour {unknown}
 m - a scroll of enchant weapon {unknown}
Comestibles
 c - 6 rations
 i - a chunk of flesh {@w0}


   Skills:
 + Level 4.5 Fighting
 + Level 3.9 Axes
 + Level 3.1 Armour
 - Level 0.7 Dodging
 + Level 3.7 Invocations


You had 3 spell levels left.
You didn't know any spells.
Your spell library was empty.

Dungeon Overview and Level Annotations

Branches:
Dungeon (2/15)

Altars:
Trog


Message History

The gnoll hits you with a cursed -1 halberd.
You take 2 damage, and have 30/41 hp.
You hit the gnoll.
You kill the gnoll!
Lugonu accepts your kill.
Things that are here:
a cursed -1 halberd; a gnoll corpse You butcher the gnoll corpse.
i - 3 chunks of flesh {@w0}
Things that are here:
a cursed -1 halberd; a gnoll skeleton You start resting.
Health restored: 41
There is a stone staircase leading down here.
You climb downwards.
There is a stone staircase leading up here.
You see here a +0 club.
A frilled lizard comes into view.
The frilled lizard hisses angrily.
A frilled lizard is nearby!
The frilled lizard barely misses you.
You miss the frilled lizard. The frilled lizard closely misses you.
You hit the frilled lizard.
You kill the frilled lizard!
Lugonu accepts your kill.
No target in view!
A rat comes into view.
The rat bites you.
You take 1 damage, and have 40/41 hp.
You slash the rat!
You kill the rat!
Lugonu accepts your kill.
No target in view!
You butcher the rat corpse.
i - 4 chunks of flesh {@w0} (gained 1)
You see here a rat skeleton. x2
You can no longer bend space around yourself.
Health restored: 41 Some of the chunks of flesh in your inventory have rotted away.
c - 5 rations (gained 1)
Found a stone staircase leading up.
No target in view!
c - 6 rations (gained 1)
Found a bloodstained altar of Trog.
g - 4 scrolls labeled VOMEUD SOZEGU (gained 1)
The gnoll is too close now for your liking.
The gnoll shouts!
A leopard gecko comes into view.
The leopard gecko hisses angrily.
A hobgoblin comes into view. It is wielding a +0 club.
You hit the gnoll. The gnoll hits you but does no damage.
You are poisoned.
You hit the gnoll.
You feel sick.
The gnoll hits you with a +2 short sword of venom!
You take 9 damage, and have 32/41 hp.
MASSIVE DAMAGE!!
You hit the gnoll.
You feel sick.
The gnoll hits you with a +2 short sword of venom.
You take 6 damage, and have 26/41 hp.
You hit the gnoll.
You kill the gnoll!
Lugonu accepts your kill.
You feel sick.
The gnoll hits you from afar with a +0 spear.
You take 4 damage, and have 22/41 hp.
Unknown command.
The gnoll barely misses you. The leopard gecko barely misses you.
Things that are here:
a +2 short sword of venom; 17 gold pieces; a gnoll corpse You barely miss the gnoll.
You completely miss the hobgoblin. You hit the leopard gecko.
You feel sick.
The leopard gecko bites you but does no damage.
The gnoll misses you. The hobgoblin closely misses you.
You hit the gnoll but do no damage. You slash the leopard gecko!
You kill the leopard gecko!
Lugonu accepts your kill.
You closely miss the hobgoblin. The gnoll closely misses you.
The hobgoblin hits you with a +0 club.
You take 1 damage, and have 21/41 hp.
You hit the gnoll but do no damage. You hit the hobgoblin.
You kill the hobgoblin!
Lugonu accepts your kill.
You feel sick. The gnoll hits you with a +0 spear.
You take 5 damage, and have 16/41 hp.
You hit the gnoll. The gnoll hits you with a +0 spear. x2
You take 3 damage, and have 13/41 hp.
You hit the gnoll.
You feel sick. The gnoll hits you with a +0 spear.
* * * LOW HITPOINT WARNING * * *
You take 5 damage, and have 8/41 hp.
You hit the gnoll but do no damage. The gnoll hits you with a +0 spear.
* * * LOW HITPOINT WARNING * * *
You take 1 damage, and have 7/41 hp.
You hit the gnoll but do no damage.
You feel sick. The gnoll hits you with a +0 spear.
* * * LOW HITPOINT WARNING * * *
You take 5 damage, and have 2/41 hp.
You aren't carrying any potions.
You barely miss the gnoll. The gnoll misses you.
You hit the gnoll but do no damage. The gnoll hits you with a +0 spear.
You die...

.. .... #.##.# ## .#
...## #.##.# ..# ......#
#.##.# .... .#.#.#
#.##.#### # ...
._..###.##.....
..#.?#####.#...#.#######
#...#..........#.# #.
#....#.........# #...
#...#.g@...#..#...#...#.
..#...)....#..# ..# #
.#...#......#..#
#...#........#..##
#...#...#...(......#.#
..#...#........#...#.#
.#...#...#......#.#.#.###
#...#...#........#.#.....
..#...#...#...)..#.#.#.#


You could see a gnoll.

Vanquished Creatures
  4 gnolls
  2 adders (D:2)
  A dart slug (D:1)
  A leopard gecko (D:2)
  2 bats (D:2)
  2 giant cockroaches (D:1)
  4 hobgoblins
  7 frilled lizards
  4 goblins
  10 kobolds
  8 rats
45 creatures vanquished.

Notes
Turn   | Place    | Note
-------+----------+-------------------------------------------
     0 | Abyss:1  | Firecrotchwizard the Hill Orc Abyssal Knight began the
                  | quest for the Orb.
     0 | Abyss:1  | Reached XP level 1. HP: 19/19 MP: 2/2
    76 | Abyss:1  | Noticed a smoke demon
    77 | D:1      | Escaped the Abyss
   351 | D:1      | Reached skill level 3 in Axes
   351 | D:1      | Reached XP level 2. HP: 20/27 MP: 4/4
   358 | D:1      | Reached * piety under Lugonu
   497 | D:1      | Reached skill level 4 in Fighting
   585 | D:1      | Reached skill level 3 in Invocations
   614 | D:1      | Reached XP level 3. HP: 27/33 MP: 5/5
  1461 | D:2      | Reached XP level 4. HP: 24/40 MP: 6/6
  1462 | D:2      | HP: 9/40 [gnoll/+0 spear (7)]
  1465 | D:2      | Reached ** piety under Lugonu
  1465 | D:2      | Reached skill level 3 in Armour
  1467 | D:2      | HP: 8/41 [poisoned by an adder]
  1475 | D:2      | HP: 7/41 [poisoned by an adder]
  1967 | D:2      | Found a bloodstained altar of Trog.
  1986 | D:2      | HP: 8/41 [gnoll/+0 spear (4)]
  1988 | D:2      | HP: 2/41 [gnoll/+0 spear (4)]
  1990 | D:2      | Slain by a gnoll

Vault maps used:
D:1:      scummos_arrival_simple_crosswalls, minmay_misc_feat_more_columns,
          minmay_cupped
D:2:      lemuel_crystal_altar, first_ration, serial_curves, eino_curves_04,
          eino_curves_02, eino_curves_03, hex_large

Skill      XL: |  1  2  3  4 |
---------------+-------------+-----
Axes           | 3 |  3.9
Fighting       | 4 |  4.5
Invocations    | 3 |  3.7
Armour         | 3 |  3.1
Dodging        | |  0.7

Action                   |  1- 3 |  4- 6 || total
-------------------------+-------+-------++-------
Melee: Hand axe          |   102 |    24 ||   126
Invok: Depart the Abyss  |     1 |       ||     1
  Eat: Chunk             |     2 |       ||     2
       Ration            |       |     1 ||     1
Armor: Leather armour    |    11 |       ||    11
       Ring mail         |    26 |     7 ||    33
Dodge: Dodged            |    57 |    13 ||    70

Table legend:
 A = Non-vault XP
 B = Vault XP
 C = Vault XP percentage of total XP
 D = Non-vault monster count
 E = Vault monster count
 F = Vault count percentage of total count
                 A         B        C        D         E       F
            +---------+---------+-------+---------+---------+-------
      Total |     136 |       3 |   2.2 |      43 |       2 |   4.4
            +---------+---------+-------+---------+---------+-------
        D:1 |      58 |       3 |   4.9 |      21 |       2 |   8.7
        D:2 |      78 |       0 |   0.0 |      22 |       0 |   0.0
            +---------+---------+-------+---------+---------+-------

Vault maps used:
D:1:      scummos_arrival_simple_crosswalls, minmay_misc_feat_more_columns,
          minmay_cupped
D:2:      lemuel_crystal_altar, first_ration, serial_curves, eino_curves_04,
          eino_curves_02, eino_curves_03, hex_large

Table legend:
 A = Turns spent in this place as a percentage of turns spent in the entire game.
 B = Non-inter-level travel turns spent in this place as a percentage of non-inter-level travel turns spent in the entire game.
 C = Inter-level travel turns spent in this place as a percentage of turns spent in this place.
 D = Turns resting spent in this place as a percentage of non-inter-level travel turns spent in this place.
 E = Turns spent auto-exploring this place as a percentage of non-inter-level travel turns spent in this place.
 F = Non-inter-level travel turns spent in this place divided by the number of levels of this place that you've seen.
                   A       B       C       D       E      F
               +-------+-------+-------+-------+-------+----------------------
         Total | 100.0 | 100.0 |   1.6 |  32.3 |  50.7 | 653.0
       Dungeon |  96.1 |  96.1 |   1.6 |  33.6 |  48.7 | 941.0
         Abyss |   3.9 |   3.9 |   0.0 |   0.0 |  98.7 |  77.0
               +-------+-------+-------+-------+-------+----------------------

Table legend:
 A = Kills in this place as a percentage of kills in entire the game.
 B = Kills by you in this place as a percentage of kills by you in the entire game.
 C = Kills by friends in this place as a percentage of kills by friends in the entire game.
 D = Other kills in this place as a percentage of other kills in the entire game.
 E = Experience gained in this place as a percentage of experience gained in the entire game.
 F = Experience gained in this place divided by the number of levels of this place that you have seen.
                   A       B       C       D       E      F
               +-------+-------+-------+-------+-------+----------------------
         Total | 100.0 | 100.0 |   N/A |   N/A | 100.0 |  46.3
       Dungeon | 100.0 | 100.0 |   N/A |   N/A | 100.0 |  69.5
               +-------+-------+-------+-------+-------+----------------------
